 Dungeon Crawl Stone Soup version 0.28.0-43-g3370ac3207 (webtiles) character file.

Game seed: 7859923384652364381

207 NinjaNoafa the Sneak (level 6, -1/37 HPs)
             Began as a Kobold Brigand on Apr 1, 2022.
             Was a Follower of Makhleb.
             Shot with a bolt by a kobold (8 damage)
             ... on level 4 of the Dungeon.
             The game lasted 00:09:09 (9757 turns).

NinjaNoafa the Sneak (Kobold Brigand)               Turns: 9757, Time: 00:09:09

Health: -1/37      AC:  3    Str:  9    XL:     6   Next: 11%
Magic:  6/6        EV: 15    Int: 12    God:    Makhleb [*.....]
Gold:   160        SH:  0    Dex: 18    Spells: 5/5 levels left

rFire   . . .      SeeInvis .   a - +2 dagger
rCold   . . .      Faith    .   (no shield)
rNeg    . . .      Spirit   .   b - +0 robe
rPois   .          Reflect  .   (no helmet)
rElec   .          Harm     .   c - +0 cloak
rCorr   .          Rampage  .   (no gloves)
Will    .....                   (no boots)
Stlth   +++++.....              (no amulet)
HPRegen 0.12/turn               (no ring)
MPRegen 0.10/turn               (no ring)

@: lethally poisoned (-1 -> -4)
A: small, no large weapons, nightstalker 3
a: Renounce Religion


You were on level 4 of the Dungeon.
You worshipped Makhleb.
Makhleb was aware of your devotion.
You visited 1 branch of the dungeon, and saw 4 of its levels.

You collected 160 gold pieces.

Inventory:

Hand Weapons
 a - a +2 dagger (weapon)
Missiles
 d - 6 poisoned darts (quivered)
 e - 2 curare-tipped darts
 f - 100 stones
Armour
 b - a +0 robe (worn)
 c - a +0 cloak (worn)
Scrolls
 j - 2 scrolls of teleportation {unknown}
 l - a scroll of silence {unknown}
 m - a scroll of enchant armour {unknown}
Potions
 g - a potion of haste


   Skills:
 + Level 3.2 Fighting
 + Level 3.8 Short Blades
 + Level 3.2 Throwing
 + Level 2.8 Dodging
 * Level 7.1 Stealth


You had 5 spell levels left.
You didn't know any spells.
Your spell library contained the following spells:

 Spells                   Type           Power      Damage    Failure   Level
 Dispersal                Tloc           0%         N/A       100%        6
 Disjunction              Tloc           0%         N/A       100%        8


Dungeon Overview and Level Annotations

Branches:
Dungeon (4/15)
 Temple: D:4-7

Altars:
Makhleb


Innate Abilities, Weirdness & Mutations

You are small and have problems with some larger weapons.
You are completely attuned to the shadows.


Message History

The adder is moderately wounded.
The adder closely misses you.
You closely miss the adder.
The adder is moderately wounded.
The adder bites you.
You are poisoned.
The adder poisons you!
You hit the adder.
The adder is heavily wounded.
You feel sick. The adder misses you.
You hit the adder.
The adder is severely wounded.
You feel sick. The adder bites you. x2
You are more poisoned.
The adder poisons you!
You closely miss the adder.
The adder is severely wounded.
You feel sick. The adder misses you.
You hit the adder.
The adder is almost dead.
You feel sick. The adder bites you.
You miss the adder.
The adder is almost dead.
You feel sick. The adder completely misses you.
You hit the adder.
You kill the adder!
Makhleb accepts your kill.
You feel sick.
Throw: 7 darts (poison)
Press: ? - help, Q - select action, (/) - cycle Shift-Dir - straight line, f - kobold
Aim: a kobold, wielding a +0 dagger and quivering bolts (asleep, 98% to hit)
You throw a poisoned dart. The poisoned dart hits the kobold!
The kobold is poisoned.
You feel sick.
The kobold unwields a +0 dagger.
The kobold wields a +0 hand crossbow.
The kobold shoots a bolt.
The bolt hits you!
* * * LOW HITPOINT WARNING * * *
You feel sick.
You feel sick.
The kobold shoots a bolt.
The bolt hits you!
You die...

*8***⌠***8*,,,,,,,,,,,,,*#.#
,,,,,,,,,,,,,*8***8***8**#.#
,,,,,,,,,,,,,******##**###.#
,,,,,,,,,,,,,,,,,* #.# #.#.#
,,,**8***8******,* #.# #.#.#
,,,**** **######.###.###.#.#
,,,8*,***,.....#.......#.#.#
,,,**,++*,....<#####...#.#.#
,,,**,,,,,..(..#@........#.#
,,,**,,,,,...K...†<#...###.#
,,,8*,,,,,..####.#.#.......#
,,,**,,,,,.,,,,#.#.###.##..#
,,,,,,,,,,,,,,,#.#...#.##..######
*,,,,,,,*******###.#.#.##........
*,,,,,,,*8***8**#..#.#..##.######
*,,,,,,,,,,,,,,*####.##.##.#
*,,,,,,,,,,,,,,8#....##..#.#


You could see a kobold (very poisoned).

Vanquished Creatures
  A scorpion (D:4)
  An orc wizard (D:3)
  4 adders
  A worm (D:2)
  5 dart slugs
  5 orcs
  3 ball pythons
  4 endoplasms
  2 giant cockroaches
  5 goblins
  5 hobgoblins
  6 jackals
  6 kobolds
  2 quokkas (D:2)
  8 bats
  8 frilled lizards
  A quokka skeleton (D:4)
  5 rats
72 creatures vanquished.

Notes
Turn   | Place    | Note
-------+----------+-------------------------------------------
     0 | D:1      | NinjaNoafa the Kobold Brigand began the quest for the Orb.
     0 | D:1      | Reached XP level 1. HP: 12/12 MP: 1/1
   153 | D:1      | Reached XP level 2. HP: 17/17 MP: 2/2
   727 | D:1      | Reached XP level 3. HP: 19/22 MP: 3/3
  1472 | D:2      | Reached skill level 6 in Stealth
  1858 | D:2      | Found a faded altar of an unknown god.
  1866 | D:2      | Prayed at the altar of an unknown god.
  1866 | D:2      | Became a worshipper of Makhleb the Destroyer
  1866 | D:2      | Reached * piety under Makhleb
  2126 | D:2      | Reached XP level 4. HP: 14/27 MP: 4/4
  3477 | D:3      | Reached XP level 5. HP: 30/32 MP: 5/5
  9137 | D:4      | Reached skill level 7 in Stealth
  9137 | D:4      | Reached XP level 6. HP: 8/37 MP: 6/6
  9557 | D:3      | You fall into a shaft and drop 1 floor!
  9757 | D:4      | Shot with a bolt by a kobold

Illustrated notes

Levels and vault maps discovered:
D:1:      dpeg_arrival_renting, layout_basic
D:2:      layout_basic, nicolae_ecumenical_lake_church
D:3:      layout_loops_corners, grunt_ministairs_11
D:4:      layout_basic, serial_corexii_hall, chequers_hall_statues_wall_a,
          chequers_hall_statues_y, corexii_hall_statues_l,
          corexii_hall_statues_s, corexii_hall_statues_deadend,
          corexii_hall_statues_u

Skill      XL: |  1  2  3  4  5 |
---------------+----------------+-----
Short Blades   | 3 |  3.8
Stealth        | 6 7 |  7.1
Dodging        | 2 |  2.8
Throwing       | 3 |  3.2
Fighting       | 3 |  3.2

Action                   |  1- 3 |  4- 6 || total
-------------------------+-------+-------++-------
Melee: Dagger            |   122 |   141 ||   263
       Punch             |     2 |       ||     2
Throw: Dart              |     6 |    21 ||    27
       Stone             |    31 |       ||    31
  Use: Potion            |       |     3 ||     3
       Scroll            |       |     4 ||     4
 Stab: Sleeping          |    10 |     7 ||    17
Armor: Robe              |    21 |    27 ||    48
Dodge: Dodged            |    88 |   109 ||   197
